 Dungeon Crawl Stone Soup version 0.31-a0-844-gdc52ec4e09 (webtiles) character file.

Game seed: 6780312897881074191

126 promet the Thaumaturge (level 5, -8/36 (40) HPs)
             Began as a Gnoll Wanderer on Sept 29, 2023.
             Mangled by a wight
             ... wielding a +3 halberd of freezing
              (9 damage)
             ... on level 4 of the Dungeon.
             The game lasted 00:19:05 (3617 turns).

promet the Thaumaturge (Gnoll Wanderer)             Turns: 3617, Time: 00:19:05

HP:   -8/36 (40)    AC:  6    Str: 10    XL:     5   Next: 9%
MP:   16/16         EV: 11    Int: 13    God:
Gold: 20            SH:  0    Dex: 13    Spells: 19/22 levels left

rFire   . . .        a - +0 flail (venom)
rCold   . . .        (no shield)
rNeg    . . .        i - +0 leather armour
rPois   .            l - +1 helmet
rElec   .            s - +0 cloak
rCorr   .            (no gloves)
SInv    .            (no boots)
Will    .....        (no amulet)
Stlth   +            (no ring)
HPRegen 0.26/turn    (no ring)
MPRegen 0.15/turn

%: no passive effects
@: heavily drained
A: fangs 1, strong nose, distributed training
a: no special abilities


You were on level 4 of the Dungeon.
You visited 1 branch of the dungeon, and saw 4 of its levels.

You collected 139 gold pieces.
You spent 119 gold pieces at shops.

Inventory:

Hand Weapons
 a - a +0 flail of venom (weapon)
 e - a +1 short sword
 g - a +0 dagger of flaming
Missiles
 d - 78 stones
 o - 6 boomerangs (quivered)
 p - a throwing net
 t - 4 atropa-tipped darts
 u - 5 javelins
Armour
 c - a +0 robe
 i - a +0 leather armour (worn)
 l - a +1 helmet (worn)
 n - a +0 chain mail
 s - a +0 cloak (worn)
Talismans
 q - a flux talisman
Scrolls
 b - 3 scrolls of blinking
Potions
 f - a potion of enlightenment
 h - a potion of attraction
 j - a potion of invisibility {unknown}
 m - 2 potions of haste {unknown}
 r - a potion of ambrosia {unknown}


   Skills:
 + Level 2.9 Fighting
 + Level 2.9 Short Blades
 + Level 1.4 Long Blades
 + Level 1.4 Axes
 + Level 1.4 Maces & Flails
 + Level 1.4 Polearms
 + Level 1.4 Staves
 + Level 1.4 Ranged Weapons
 + Level 2.9 Throwing
 + Level 2.9 Armour
 + Level 1.4 Dodging
 + Level 1.4 Stealth
 + Level 1.4 Shields
 + Level 1.4 Unarmed Combat
 + Level 9.4 Spellcasting
 + Level 1.1 Conjurations
 + Level 1.1 Hexes
 + Level 1.1 Summonings
 + Level 1.1 Necromancy
 + Level 1.1 Translocations
 + Level 1.1 Transmutations
 + Level 1.1 Fire Magic
 + Level 1.1 Ice Magic
 + Level 1.1 Air Magic
 + Level 1.1 Earth Magic
 + Level 1.1 Poison Magic
 + Level 1.5 Invocations
 + Level 2.9 Evocations
 + Level 1.2 Shapeshifting


You had 19 spell levels left.
You knew the following spells:

 Your Spells              Type           Power      Damage    Failure   Level
a - Foxfire               Conj/Fire      36%        2x1d5     10%         1
b - Passwall              Tmut/Erth      7%         N/A       16%         2

Your spell library contained the following spells:

 Spells                   Type           Power      Damage    Failure   Level
 Apportation              Tloc           18%        N/A       10%         1
 Necrotise                Necr           36%        1d5       10%         1
 Sandblast                Erth           18%        2d7       10%         1
 Summon Small Mammal      Summ           36%        N/A       10%         1
 Lesser Beckoning         Tloc           18%        N/A       16%         2
 Stone Arrow              Conj/Erth      18%        3d8       30%         3
 Brom's Barrelling Bould  Conj/Erth      9%         2d3       69%         4
 Fireball                 Conj/Fire      4%         3d4       95%         5
 Iskenderun's Battlesphe  Conj           9%         2d6       95%         5
 Conjure Ball Lightning   Conj/Air       4%         3x3d6     100%        6
 Orb of Destruction       Conj           4%         9d5       100%        7


Dungeon Overview and Level Annotations

Branches:
Dungeon (4/15)
 Temple: D:4-7

Altars:
The Shining One

Shops:
D:4 *:?*


Innate Abilities, Weirdness & Mutations

You have very sharp teeth.
Your uncanny sense of smell can sniff out nearby items.
Your experience applies equally to all skills.


Message History

You kill the orc!
No target in view!
You start resting.
Your magical contamination has completely faded away.
You start resting.
Magic restored.
You start resting.
HP restored.
You start waiting.
Done waiting.
You see here a +0 club.
o - 6 boomerangs (gained 1)
Things that are here:
a +0 flail; an orc corpse
Things that are here:
a +0 flail; a +0 ring mail
Things that are here:
a +0 flail; an orc corpse
Found a long sword.
Found an escape hatch in the floor.
Found 4 stones.
Found 11 gold pieces.
You see here a +0 long sword.
d - 78 stones (gained 4)
You see here a +0 long sword.
There is an escape hatch in the floor here.
You now have 20 gold pieces (gained 11).
A wight comes into view.
It is wielding a +3 halberd of freezing.
The wight hits you from afar with a +3 halberd of freezing.
You feel drained. The wight freezes you.
The wight hits you with a +3 halberd of freezing!
The wight freezes you.
You hit the wight but do no damage. You bite the wight, but do no damage.
The wight hits you with a +3 halberd of freezing!
* * * LOW HITPOINT WARNING * * *
You feel drained.
* * * LOW HITPOINT WARNING * * *
The wight freezes you.
* * * LOW HITPOINT WARNING * * *
The wight hits you with a +3 halberd of freezing!
You die...

## #.....)........# .#
#.####>####.##.# .# #.#
#.# #... .# #.# #.#
#.### .# #.# #.####.#
.# #)# #......#
.####.#########.#
...........# #.#####.#
.####.####.####.@z....#
.# #...........##.#.##
.# ######.###### # .#
..#.. .# ### ### .# ..
∆


You could see a wight.

Vanquished Creatures
  A gnoll (D:1)
  5 adders
  A worm (D:2)
  A dart slug (D:1)
  4 orcs
  5 ball pythons (D:1)
  5 bats
  3 endoplasms (D:1)
  2 giant cockroaches
  5 goblins
  9 hobgoblins
  4 quokkas
  4 frilled lizards
  7 kobolds
  4 rats
60 creatures vanquished.

Vanquished Creatures (others)
  114 foxfires
114 creatures vanquished.

Grand Total: 174 creatures vanquished

Notes
Turn   | Place    | Note
-------+----------+-------------------------------------------
     0 | D:1      | Reached skill level 9 in Spellcasting
     0 | D:1      | promet the Gnoll Wanderer began the quest for the Orb.
     0 | D:1      | promet set off with the following items: a +1 short sword,
                  | a scroll of blinking, a +0 robe; and the following spells
                  | available to memorise: Apportation, Foxfire, Lesser
                  | Beckoning, Passwall.
     0 | D:1      | Reached XP level 1. HP: 17/17 MP: 10/10
     2 | D:1      | Learned a level 1 spell: Foxfire
    90 | D:1      | Reached XP level 2. HP: 23/23 MP: 6/12
   703 | D:1      | Reached XP level 3. HP: 28/28 MP: 10/13
  1221 | D:1      | Reached skill level 1 in Invocations
  1246 | D:1      | Learned a level 2 spell: Passwall
  1435 | D:2      | Reached skill level 1 in Long Blades
  1435 | D:2      | Reached skill level 1 in Axes
  1435 | D:2      | Reached skill level 1 in Maces & Flails
  1435 | D:2      | Reached skill level 1 in Polearms
  1435 | D:2      | Reached skill level 1 in Staves
  1435 | D:2      | Reached skill level 1 in Ranged Weapons
  1435 | D:2      | Reached skill level 1 in Dodging
  1435 | D:2      | Reached skill level 1 in Stealth
  1435 | D:2      | Reached skill level 1 in Shields
  1435 | D:2      | Reached skill level 1 in Unarmed Combat
  1583 | D:2      | Reached XP level 4. HP: 23/34 MP: 11/15
  1700 | D:2      | Reached skill level 1 in Shapeshifting
  2505 | D:3      | Found a glowing golden altar of the Shining One.
  2694 | D:3      | Reached skill level 1 in Conjurations
  2694 | D:3      | Reached skill level 1 in Hexes
  2694 | D:3      | Reached skill level 1 in Summonings
  2694 | D:3      | Reached skill level 1 in Necromancy
  2694 | D:3      | Reached skill level 1 in Translocations
  2694 | D:3      | Reached skill level 1 in Transmutations
  2694 | D:3      | Reached skill level 1 in Fire Magic
  2694 | D:3      | Reached skill level 1 in Ice Magic
  2694 | D:3      | Reached skill level 1 in Air Magic
  2694 | D:3      | Reached skill level 1 in Earth Magic
  2694 | D:3      | Reached skill level 1 in Poison Magic
  3261 | D:4      | Found Kuow's Magic Scroll Emporium.
  3272 | D:4      | Found Vuocaona's General Store.
  3272 | D:4      | Found Bigoawuf's General Store.
  3273 | D:4      | Found Nudawak's Book Emporium.
  3283 | D:4      | Reached XP level 5. HP: 40/40 MP: 13/16
  3304 | D:4      | Bought a potion of degeneration for 14 gold pieces
  3311 | D:4      | Bought a scroll of blinking for 105 gold pieces
  3617 | D:4      | HP: 1/36 [wight/+3 halberd of freezing (3)]
  3617 | D:4      | Mangled by a wight

Illustrated notes

Levels and vault maps discovered:
D:1:      minmay_arrival_open_corners, layout_basic,
          chequers_serial_rivers_micro_c
D:2:      layout_basic, kennysheep_generic_room_13
D:3:      layout_basic, old_standard_altar, grunt_decor_junction,
          ebering_dispersal_statue_hall, kennysheep_pointless_box
D:4:      layout_loops_ring, lemuel_tele_altar, minmay_shop_grid_forest

Skill      XL: |  1  2  3  4 |
---------------+-------------+-----
Spellcasting   | |  9.4
Invocations    | 1 |  1.5
Long Blades    | 1 |  1.4
Axes           | 1 |  1.4
Maces & Flails | 1 |  1.4
Polearms       | 1 |  1.4
Staves         | 1 |  1.4
Ranged Weapons | 1 |  1.4
Dodging        | 1 |  1.4
Stealth        | 1 |  1.4
Shields        | 1 |  1.4
Unarmed Combat | 1 |  1.4
Shapeshifting  | 1 |  1.2
Conjurations   | 1 |  1.1
Hexes          | 1 |  1.1
Summonings     | 1 |  1.1
Necromancy     | 1 |  1.1
Translocations | 1 |  1.1
Transmutations | 1 |  1.1
Fire Magic     | 1 |  1.1
Ice Magic      | 1 |  1.1
Air Magic      | 1 |  1.1
Earth Magic    | 1 |  1.1
Poison Magic   | 1 |  1.1
Fighting       | |  2.9
Short Blades   | |  2.9
Throwing       | |  2.9
Armour         | |  2.9
Evocations     | |  2.9

Action                     |  1- 3 |  4- 6 || total
---------------------------+-------+-------++-------
  Melee: Short sword       |    23 |       ||    23
         Flail             |     2 |    39 ||    41
         Bite              |     1 |     3 ||     4
         Punch             |     1 |       ||     1
  Throw: Stone             |     1 |       ||     1
   Cast: Foxfire           |    40 |    32 ||    72
    Use: Scroll            |     4 |     3 ||     7
         Potion            |     1 |       ||     1
   Stab: Sleeping          |     1 |       ||     1
 Armour: Robe              |     8 |       ||     8
         Leather armour    |       |    28 ||    28
  Dodge: Dodged            |    21 |    37 ||    58

Table legend: (Time is in decaauts)
 A = Elapsed time spent in this place.
 B = Non-inter-level travel time spent in this place.
 C = Inter-level travel time spent in this place.
 D = Time resting spent in this place.
 E = Time spent auto-exploring this place.
 F = Levels seen in this place.
 G = Mean time per level.
                   A        B        C        D        E       F      G
               +--------+--------+--------+--------+--------+-----+--------+
         Total |   3625 |   3566 |     59 |    837 |   1251 |   4 |  906.2 |
       Dungeon |   3625 |   3566 |     59 |    837 |   1251 |   4 |  906.2 |
               +--------+--------+--------+--------+--------+-----+--------+

Top non-repeatable levels by time:
     D:1: 1393 daAuts
     D:2: 957 daAuts
     D:3: 796 daAuts
     D:4: 478 daAuts
